 Dungeon Crawl Stone Soup version 0.28.0 (webtiles) character file.

Game seed: 17226643258825642304

41 crazypyro the Chopper (level 3, 0/46 HPs)
             Began as a Minotaur Fighter on Feb 8, 2022.
             Was an Initiate of Gozag.
             Slain by a goblin (1 damage)
             ... led by Robin
             ... on level 2 of the Dungeon.
             The game lasted 00:01:23 (1037 turns).

crazypyro the Chopper (Minotaur Fighter)            Turns: 1037, Time: 00:01:23

Health: 0/46       AC:  6    Str: 22    XL:     3   Next: 32%
Magic:  2/2        EV:  9    Int:  5    God:    Gozag
Gold:   117        SH:  4    Dex:  9    Spells: 2/2 levels left

rFire   . . .      SeeInvis +   a - +0 war axe
rCold   . . .      Faith    .   c - +0 buckler
rNeg    . . .      Spirit   .   b - +0 scale mail
rPois   .          Reflect  .   (helmet restricted)
rElec   .          Harm     .   (no cloak)
rCorr   .          Rampage  .   (no gloves)
Will    .....                   (no boots)
Stlth   ..........              (no amulet)
HPRegen 0.15/turn               e - ring of see invisible
MPRegen 0.08/turn               (no ring)

@: berserking, gold aura, very quick
A: horns 2, retaliatory headbutt
a: Renounce Religion, Potion Petition, Call Merchant, Bribe Branch


You were on level 2 of the Dungeon.
You worshipped Gozag.
Gozag was aware of your devotion.
You visited 1 branch of the dungeon, and saw 2 of its levels.

You collected 117 gold pieces.

Inventory:

Hand Weapons
 a - a +0 war axe (weapon)
Missiles
 l - a throwing net (quivered)
Armour
 b - a +0 scale mail (worn)
 c - a +0 buckler (worn)
Jewellery
 e - a ring of see invisible (left hand)
Scrolls
 f - 2 scrolls of teleportation {unknown}
 k - a scroll of blinking {unknown}
 m - a scroll of enchant weapon {unknown}
Potions
 d - a potion of might
 h - a potion of cancellation
 i - a potion of lignification {unknown}
 j - a potion of degeneration {unknown}
 n - a potion of flight {unknown}


   Skills:
 - Level 3.6 Fighting
 * Level 4.1 Axes
 - Level 3.6 Armour
 + Level 1.6 Dodging
 - Level 3.6 Shields


You had 2 spell levels left.
You didn't know any spells.
Your spell library contained the following spells:

 Spells                   Type           Power      Damage    Failure   Level
 Animate Skeleton         Necr           0%         N/A       88%         1
 Pain                     Necr           0%         1d4       88%         1
 Vampiric Draining        Necr           0%         2d6       99%         3


Dungeon Overview and Level Annotations

Branches:
Dungeon (2/15)

Altars:
Gozag

Annotations:
D:2 Robin


Innate Abilities, Weirdness & Mutations

You have a pair of horns on your head.
You reflexively headbutt those who attack you in melee.


Message History

It was a potion of berserk rage.
A red film seems to cover your vision as you go berserk!
You feel yourself moving faster!
You feel mighty!
You feel sick.
The goblin is no longer distracted by gold.
The goblin no longer looks unusually strong. x2
The goblin hits you with a +0 club.
* * * LOW HITPOINT WARNING * * *
The goblin is distracted by your dazzling golden aura.
Robin is distracted by your dazzling golden aura.
You block the goblin's attack. The goblin completely misses you.
The goblin shouts!
You are too berserk!
You barely miss the goblin.
Robin shouts!
Your headbutt misses the goblin.
The goblin is moderately wounded.
You slash the goblin!
You kill the goblin!
You hit the goblin.
The goblin is no longer distracted by gold.
You hit the goblin.
You kill the goblin!
You feel sick. You block the goblin's attack.
You hit the goblin.
You kill the goblin!
You closely miss the goblin.
You feel sick.
The goblin is no longer distracted by gold.
The goblin hits you with a +0 club.
* * * LOW HITPOINT WARNING * * *
You barely miss the goblin. Your headbutt misses the goblin.
The goblin is severely wounded.
You hit the goblin.
You kill the goblin!
* * * LOW HITPOINT WARNING * * *
You feel sick.
You are no longer poisoned.
The goblin is distracted by your dazzling golden aura.
The goblin hits you with a +0 club.
You die...
Your body crumbles into a pile of gold.

.....# #........#
#.# .....#
#........# #.#
.....# #....).###
#.# .....# #......#
#.# ...### #......#
#.# $ ...# #...)..#
#.# #### #......#
#.# #....$$## #.#
######@g####'#######
##$#..........#
#$$..........#
##.g.........#
#.g.........#
##..........#
########g........[#
..................#
......g...#+###....


You could see Robin and 3 goblins.

Vanquished Creatures
  A worm (D:2)
  A dart slug (D:1)
  5 bats
  An endoplasm (D:1)
  A giant cockroach (D:1)
  7 goblins (D:2)
  9 hobgoblins
  A kobold (D:2)
  A quokka (D:2)
  3 ball pythons
  A rat (D:1)
31 creatures vanquished.

Notes
Turn   | Place    | Note
-------+----------+-------------------------------------------
     0 | D:1      | crazypyro the Minotaur Fighter began the quest for the Orb.
     0 | D:1      | Reached XP level 1. HP: 19/19 MP: 0/0
   110 | D:1      | Reached skill level 3 in Axes
   177 | D:1      | Reached XP level 2. HP: 21/26 MP: 1/1
   247 | D:1      | Found a faded altar of an unknown god.
   257 | D:1      | Reached skill level 1 in Dodging
   630 | D:1      | Prayed at the altar of an unknown god.
   630 | D:1      | Became a worshipper of Gozag Ym Sagoz the Greedy
   892 | D:2      | Reached XP level 3. HP: 31/31 MP: 2/2
  1016 | D:2      | Noticed Robin
  1033 | D:2      | Reached skill level 4 in Axes
  1036 | D:2      | HP: 2/46 [goblin[Robin] (3)]
  1037 | D:2      | Slain by a goblin

Illustrated notes

Levels and vault maps discovered:
D:1:      lemuel_arrival_cross, layout_basic, nicolae_ecumenical_lake_church,
          chequers_garden
D:2:      layout_basic, basic_altar, minmay_tetromino_i4, uniq_robin

Skill      XL: |  1  2  3 |
---------------+----------+-----
Axes           | 3 4 |  4.1
Dodging        | 1 |  1.6
Fighting       | |  3.6
Armour         | |  3.6
Shields        | |  3.6

Action                   || total
-------------------------++-------
Melee: War axe           ||    57
       Headbutt          ||     9
  Use: Potion            ||     2
Armor: Scale mail        ||    45
Dodge: Dodged            ||    35
Block: Buckler           ||    18
